 Dungeon Crawl Stone Soup version 0.17-a0-2127-g1cb09f6 (webtiles) character file.

536 M4edhros the Charlatan (level 7, -1/43 HPs)
             Began as an Octopode Artificer on Oct 23, 2015.
             Slain by a quokka (4 damage)
             ... on level 5 of the Dungeon.
             The game lasted 00:04:35 (3229 turns).

M4edhros the Charlatan (Octopode Artificer)         Turns: 3229, Time: 00:04:35

Health: -1/43      AC:  1    Str: 12    XL:     7   Next: 25%
Magic:  11/11      EV: 10    Int: 14    God:
Gold:   97         SH:  9    Dex: 13    Spells: 0 memorised, 6 levels left

rFire  . . .     SeeInvis .     r - +2 dagger (drain)
rCold  . . .     Clarity  .     j - +0 shield
rNeg   . . .     SustAt   .     (helmet restricted)
rPois  .         Gourm    .     (no amulet)
rElec  .         Spirit   .     (no ring)
rCorr  .         Warding  .     (no ring)
rMut   .         Rnd*Tele +     (no ring)
MR     .....                    (no ring)
Stlth  +++.......               (no ring)
                                (no ring)
                                (no ring)
                                (no ring)

@: slowed, very slow, not resistant to hostile enchantments, fairly stealthy
A: almost no armour, amphibious, 8 rings, constrict 8, camouflage 1, clumsy 1,
strong 1, teleportitis 1, gelatinous body 1
a: no special abilities


You were on level 5 of the Dungeon.
You were hungry.

You visited 1 branch of the dungeon, and saw 5 of its levels.

You collected 97 gold pieces.

Inventory:

Hand Weapons
 a - a +0 short sword
 n - a +0 hunting sling
 r - a +2 dagger of draining (weapon)
Missiles
 o - 34 stones (quivered)
 p - 13 sling bullets of frost
Armour
 j - a +0 shield (worn)
Wands
 b - a wand of flame (1)
 c - a wand of enslavement (4)
 d - a wand of random effects (8)
 h - a wand of slowing (18)
 k - a wand of hasting (2)
 l - a wand of disintegration (8)
Scrolls
 f - 2 scrolls of teleportation {unknown}
 g - 3 scrolls of identify {unknown}
 i - a scroll of recharging {unknown}
 m - a scroll of magic mapping {unknown}
Comestibles
 e - a bread ration


   Skills:
 - Level 1.0 Fighting
 - Level 1.0 Short Blades
 + Level 3.1 Slings
 - Level 2.0 Dodging
 - Level 1.3 Stealth
 + Level 4.2 Shields
 + Level 6.3 Evocations


You had 6 spell levels left.
You didn't know any spells.

Dungeon Overview and Level Annotations

Branches:
Dungeon (5/15)
 Temple: D:4-7

Altars:

Annotations:
D:3 Crazy Yiuf; brucemayne's ghost, weakling DsGl


Innate Abilities, Weirdness & Mutations

You cannot wear most types of armour.
You are amphibious.
You can wear up to eight rings at the same time.
You can use your tentacles to constrict eight enemies at once.
Your skin changes colour to match your surroundings (Stealth).
Your rubbery body absorbs attacks (AC +1).
You are clumsy. (Dex -2)
Your muscles are strong. (Str +2)
You are occasionally teleported to nearby monsters.


Message History

Your orc wizard looks more experienced.
The hound closely misses your hound.
Your orc wizard casts a spell at the centaur zombie.
The puff of frost hits the centaur zombie.
The centaur zombie resists.
You block the quokka's attack.
Your hound bites the hound but does no damage.
Your orc wizard mumbles some strange words.
Your orc wizard seems to speed up.
The hound bites your hound but does no damage.
Your orc wizard hits the centaur zombie with a dagger.
Unknown command.
Your hound misses the hound.
Your orc wizard completely misses the centaur zombie.
The centaur zombie hits your orc wizard but does no damage.
Your orc wizard hits the centaur zombie with a dagger.
Your hound closely misses the hound.
Your orc wizard closely misses the quokka.
The centaur zombie hits your orc wizard.
The quokka bites you.
You die...

.. #####.[
##.......
##........
#.........
#.........
#.h.).....
#hrZ[.....
#@oo......
#.........
##........
##.....#.
######


You could see a hound, a centaur zombie, a quokka, a friendly hound and 2
friendly orc wizards.

Vanquished Creatures
  Edmund (D:4)
  Duvessa (D:4)
  An ogre (D:4)
  Dowan (D:4)
  Ijyb (D:3)
  Natasha (D:3)
  An iguana (D:4)
  A gnoll (D:4)
  3 adders
  An ooze (D:1)
  A worm (D:4)
  A giant gecko (D:3)
  A giant cockroach (D:3)
  3 goblins
  2 hobgoblins (D:2)
  6 kobolds
  2 quokkas
  8 bats
  A giant gecko skeleton (D:4)
  2 giant newts
  2 rats
41 creatures vanquished.

Vanquished Creatures (collateral kills)
  A giant frog skeleton (D:5)
  An adder (D:5)
2 creatures vanquished.

Vanquished Creatures (others)
  An orc priest (D:5)
  Natasha (D:3)
2 creatures vanquished.

Grand Total: 45 creatures vanquished

Notes
Turn   | Place    | Note
--------------------------------------------------------------
     0 | D:1      | M4edhros the Octopode Artificer began the quest for the Orb.
     0 | D:1      | Reached XP level 1. HP: 13/13 MP: 3/3
   231 | D:1      | Reached skill level 4 in Evocations
   231 | D:1      | Reached XP level 2. HP: 15/18 MP: 5/5
   656 | D:2      | Reached XP level 3. HP: 15/23 MP: 6/6
   898 | D:3      | Noticed brucemayne's ghost (weakling DsGl)
   964 | D:3      | Noticed Natasha
   970 | D:3      | Killed Natasha
   970 | D:3      | Reached skill level 1 in Shields
  1032 | D:2      | Reached XP level 4. HP: 17/28 MP: 7/7
  1143 | D:3      | Noticed Ijyb
  1160 | D:3      | Killed Ijyb
  1212 | D:3      | Reached skill level 5 in Evocations
  1454 | D:3      | Noticed Natasha
  1468 | D:3      | Natasha (ally) was killed
  1576 | D:3      | Noticed Crazy Yiuf
  2039 | D:4      | Noticed Edmund
  2046 | D:4      | Gained mutation: Your muscles are strong. (Str +2) [potion of mutation]
  2046 | D:4      | Gained mutation: You are occasionally teleported to nearby monsters. [potion of mutation]
  2046 | D:4      | Gained mutation: You are clumsy. (Dex -2) [potion of mutation]
  2050 | D:4      | Killed Edmund
  2050 | D:4      | Reached skill level 1 in Slings
  2050 | D:4      | Reached XP level 5. HP: 3/33 MP: 7/9
  2050 | D:4      | Reached XP level 6. HP: 3/38 MP: 7/10
  2689 | D:4      | Noticed Dowan
  2691 | D:4      | Noticed Duvessa
  2694 | D:4      | Killed Duvessa
  2695 | D:4      | Noticed an ogre
  2708 | D:4      | Killed Dowan
  2708 | D:4      | Reached skill level 6 in Evocations
  2924 | D:4      | Killed an ogre
  2924 | D:4      | Reached XP level 7. HP: 12/43 MP: 11/11
  3218 | D:5      | Entered Level 5 of the Dungeon
  3229 | D:5      | Slain by a quokka

Vault maps used:
D:1:      nicolae_arrival_somewhat_less_tricky_arrival
D:2:      grunt_ministairs_2, uniq_jessica
D:3:      uniq_natasha, uniq_iyjb, uniq_crazy_yiuf_cottage
D:4:      uniq_duvessa, uniq_edmund
D:5:      first_bread

Action                   |  1- 3 |  4- 6 |  7- 9 || total
-------------------------+-------+-------+-------++-------
Melee: Short sword       |    44 |    50 |       ||    94
       Dagger            |       |     7 |     3 ||    10
 Fire: Hunting sling     |       |    12 |       ||    12
Evoke: Wand              |     2 |    21 |     9 ||    32
  Use: Potion            |       |     3 |       ||     3
 Stab: Sleeping          |     6 |     6 |       ||    12
  Eat: Chunk             |       |     4 |     1 ||     5
       Beef jerky        |       |     1 |       ||     1
